 Dungeon Crawl Stone Soup version 0.18-a0-1572-g0a86841 (webtiles) character file.

4000 Azzok the Geomancer (level 10, 0/50 HPs)
             Began as a Gargoyle Earth Elementalist on Mar 15, 2016.
             Was an Initiate of Vehumet.
             Slain by a wyvern (19 damage)
             ... on level 8 of the Dungeon.
             The game lasted 00:30:25 (8476 turns).

Azzok the Geomancer (Gargoyle Earth Elementalist)   Turns: 8476, Time: 00:30:26

Health: 0/50       AC: 22    Str: 11    XL:     10   Next: 23%
Magic:  23/23      EV: 12    Int: 20    God:    Vehumet [......]
Gold:   426        SH:  0    Dex: 10    Spells: 3 memorised, 18 levels left

rFire  x . .     SeeInvis .     a - +2 quarterstaff (chaos)
rCold  + . .     Gourm    .     q - +0 robe
rNeg   + . .     Faith    .     (shield currently unavailable)
rPois  ∞         Spirit   .     j - +2 helmet
rElec  +         Dismiss  .     o - +2 cloak {+Inv}
rCorr  .         Reflect  .     x - +0 pair of gloves
SustAt .         Harm     .     H - +0 pair of boots
MR     .....                    (no amulet)
Stlth  ++........               F - ring of ice
                                E - +5 ring of protection

@: not resistant to hostile enchantments, unstealthy
A: negative energy resistance 1, electricity resistance, unbreathing,
petrification resistance, rot immunity, AC +7
a: Renounce Religion, Evoke Invisibility


You were on level 8 of the Dungeon.
You worshipped Vehumet.
Vehumet was noncommittal.
You were not hungry.

You visited 2 branches of the dungeon, and saw 9 of its levels.
You also visited: Sewer.

You collected 510 gold pieces.
You spent 84 gold pieces at shops.

Inventory:

Hand Weapons
 a - a +2 quarterstaff of chaos (weapon)
Missiles
 b - 65 stones (quivered)
Armour
 j - a +2 helmet (worn)
 o - a +2 cloak of invisibility (worn)
 q - a +0 robe (worn)
 x - a +0 pair of gloves (worn)
 H - a +0 pair of boots (worn)
Jewellery
 y - an uncursed ring of wizardry
 E - a +5 ring of protection (left hand)
 F - a ring of ice (right hand)
 G - an uncursed ring of wizardry
Wands
 m - a wand of hasting (1/9)
 A - a wand of lightning (9/15)
 J - a wand of paralysis (7/24)
Scrolls
 e - 2 scrolls of immolation
 g - 10 scrolls of identify
 p - a scroll of blinking
 r - a scroll of fear {unknown}
 s - 5 scrolls of teleportation
 u - a scroll of noise {unknown}
 w - a scroll of amnesia
 I - 2 scrolls of fog
Potions
 f - 2 potions of magic {unknown}
 k - 4 potions of curing
 l - 5 potions of flight {unknown}
 n - a potion of ambrosia {unknown}
 v - 2 potions of haste {unknown}
 z - 3 potions of heal wounds {unknown}
 B - a potion of brilliance {unknown}
Books
 c - a book of Geomancy

   Spells                             Type                      Level
   a - Sandblast                      Earth                        1
   b - Passwall                       Transmutation/Earth          2
   c - Stone Arrow                    Conjuration/Earth            3
   d - Petrify                        Transmutation/Earth          4
   e - Lee's Rapid Deconstruction     Earth                        5
Comestibles
 d - 8 bread rations
 h - a beef jerky
 i - 14 fruits
 t - a slice of pizza
 C - 5 meat rations
 D - 2 chunks of flesh


   Skills:
 - Level 2.0 Dodging
 - Level 3.1 Stealth
 + Level 9.4 Spellcasting
   Level 0.7 Transmutations
 + Level 12.3 Earth Magic


You had 18 spell levels left.
You knew the following spells:

 Your Spells              Type           Power        Failure   Level  Hunger
a - Sandblast             Erth           ######       1%          1    None
b - Stone Arrow           Conj/Erth      ####..       1%          3    None
c - Lee's Rapid Deconstr  Erth           ######....   1%          5    #####..


Dungeon Overview and Level Annotations

Branches:
Dungeon (8/15)             Temple (1/1) D:4
   Lair: D:8-11

Altars:
Ashenzari
Cheibriados
Dithmenos
Fedhas
Gozag
Nemelex Xobeh
Okawaru
Pakellas
Qazlal
Ru
Sif Muna
Trog
Vehumet
Xom
Yredelemnul
Zin
The Shining One
Lugonu

Shops:
D:4 !

Annotations:
D:1 Terence


Innate Abilities, Weirdness & Mutations

You are resistant to torment.
Your stone body is resilient (AC +7).
You are immune to poison.
You resist negative energy.
You are resistant to electric shocks.
You can survive without breathing.
You are immune to petrification.
You are immune to rotting.


Message History

The wyvern is moderately wounded.
You hit the wyvern.
The wyvern goes berserk!
The wyvern is heavily wounded.
You hit the wyvern. You freeze the wyvern.
The wyvern is heavily wounded.
The wyvern barely misses you.
You hit the wyvern.
The wyvern glows pale silver for a moment.
The wyvern is severely wounded.
The wyvern seems less confused.
The wyvern misses you. The wyvern bites you!
You closely miss the wyvern.
The wyvern is severely wounded.
The wyvern barely misses you.
The wyvern bites you but does no damage.
The wyvern bites you!
You closely miss the wyvern.
The wyvern is severely wounded.
The wyvern bites you but does no damage. x2
The wyvern bites you!!
You die...

·▒·▒▒▒▒▒·▒▒▒▒▒▒▒▒▒▒▒▒▒▒▒
········)▒ ···$·····▒
···▒▒▒▒··▒ · ▒··▒ ▒··▒
▒··▒ ▒l·▒ ▒@>▒ ▒··▒
▒···▒ ▒··(·· ····▒▒▒
▒▒▒▒▒▒


You could see a wyvern (berserk).

Vanquished Creatures
  The ghost of Azzok the Transmogrifier, a novice NaTm of Okawaru (D:8)
  The ghost of Uhlv the Shield-Bearer, a novice GrFi (D:5)
  Grinder (D:6)
  A hippogriff (D:7)
  Menkaure (D:7)
  A hungry ghost (D:7)
  Edmund (D:7)
  Purgy (Sewer)
  3 orc warriors
  An ice beast (D:6)
  A phantom (D:6)
  3 ogres
  2 centaurs
  3 giant frogs
  A scorpion (D:6)
  2 howler monkeys (D:6)
  3 wights (D:7)
  A giant frog zombie (D:6)
  2 crimson imps
  2 hounds
  Crazy Yiuf (D:2)
  A gnoll shaman (D:4)
  An orc priest (D:7)
  2 centaur skeletons (D:4)
  2 orc wizards
  Ijyb (D:2)
  A giant frog skeleton (D:5)
  5 iguanas
  5 worker ants
  A statue (D:5)
  A sheep (D:7)
  A worker ant zombie (D:6)
  8 adders
  7 gnolls
  2 shadow imps
  2 adder skeletons
  4 worms
  2 dart slugs
  6 giant geckos
  13 orcs
  7 bats
  4 giant cockroaches
  2 gnoll zombies (D:6)
  3 goblins
  5 hobgoblins
  5 jackals
  2 quokkas
  A giant gecko skeleton (D:4)
  2 giant newts
  9 kobolds
  A quokka skeleton (D:5)
  6 rats
145 creatures vanquished.

Vanquished Creatures (others)
  The ghost of angel3174 the Skirmisher, an amateur GrBe of Trog (Sewer)
1 creature vanquished.

Grand Total: 146 creatures vanquished

Notes
Turn   | Place    | Note
--------------------------------------------------------------
     0 | D:1      | Azzok the Gargoyle Earth Elementalist began the quest for the Orb.
     0 | D:1      | Reached XP level 1. HP: 10/10 MP: 3/3
   228 | D:1      | Reached XP level 2. HP: 15/15 MP: 3/5
  1295 | D:2      | Reached skill level 4 in Earth Magic
  1320 | D:2      | Reached XP level 3. HP: 19/19 MP: 3/6
  1325 | D:2      | Learned a level 3 spell: Stone Arrow
  1506 | D:2      | Found a deep blue altar of Sif Muna.
  1559 | D:2      | Noticed Terence
  2055 | D:2      | Found an iron altar of Okawaru.
  2060 | D:2      | Reached XP level 4. HP: 24/24 MP: 0/7
  2285 | D:2      | Noticed Ijyb
  2292 | D:2      | Killed Ijyb
  2292 | D:2      | Reached skill level 5 in Earth Magic
  2480 | D:2      | Noticed Crazy Yiuf
  2486 | D:2      | Killed Crazy Yiuf
  2486 | D:2      | Reached XP level 5. HP: 21/28 MP: 3/9
  2647 | D:3      | Found an opulent altar of Gozag.
  2948 | D:3      | Learned a level 5 spell: Lee's Rapid Deconstruction
  3089 | D:3      | Found a glowing silver altar of Zin.
  3482 | D:4      | Found a shattered altar of Ashenzari.
  3545 | D:4      | Found Ezae's Distillery.
  3549 | D:4      | Bought a potion of degeneration for 13 gold pieces
  3549 | D:4      | Bought a potion of mutation for 32 gold pieces
  3549 | D:4      | Bought a potion of curing for 39 gold pieces
  3576 | D:4      | Reached XP level 6. HP: 27/32 MP: 11/11
  3715 | D:4      | Reached skill level 6 in Earth Magic
  4326 | D:4      | Reached XP level 7. HP: 36/36 MP: 10/13
  4355 | D:4      | Reached skill level 7 in Earth Magic
  4710 | D:4      | Found a staircase to the Ecumenical Temple.
  4716 | Temple   | Entered the Ecumenical Temple
  4888 | D:5      | Entered Level 5 of the Dungeon
  4947 | D:5      | You fall through a shaft for 2 floors!
  4991 | D:6      | Reached skill level 5 in Spellcasting
  4993 | D:6      | Noticed Edmund
  5020 | D:7      | Killed Edmund
  5020 | D:7      | Reached skill level 8 in Earth Magic
  5020 | D:7      | Reached XP level 8. HP: 23/41 MP: 0/16
  5224 | D:6      | Reached skill level 9 in Earth Magic
  5447 | D:6      | Found a glowing drain.
  5471 | Sewer    | Entered a sewer
  5471 | Sewer    | Noticed angel3174's ghost (amateur GrBe)
  5496 | Sewer    | Banished angel3174's ghost
  5619 | Sewer    | Noticed Purgy
  5624 | Sewer    | Killed Purgy
  5766 | D:6      | Found a basalt altar of Yredelemnul.
  6042 | D:6      | Noticed Grinder
  6071 | D:6      | Killed Grinder
  6071 | D:6      | Reached skill level 10 in Earth Magic
  6071 | D:6      | Reached XP level 9. HP: 41/45 MP: 8/20
  6161 | D:6      | Found a shadowy altar of Dithmenos.
  6734 | D:5      | Noticed Uhlv's ghost (novice GrFi)
  6995 | D:5      | Found a radiant altar of Vehumet.
  7024 | D:5      | Became a worshipper of Vehumet
  7188 | D:5      | Killed Uhlv's ghost
  7188 | D:5      | Reached skill level 11 in Earth Magic
  7718 | D:7      | Noticed Menkaure
  7722 | D:7      | Killed Menkaure
  7890 | D:7      | Found an oddly glowing altar of Pakellas.
  7890 | D:7      | Found a bloodstained altar of Trog.
  7950 | D:7      | Found a bloodstained altar of Trog.
  8111 | D:7      | Reached XP level 10. HP: 50/50 MP: 18/22
  8248 | D:8      | Noticed Azzok's ghost (novice NaTm)
  8317 | D:8      | Killed Azzok's ghost
  8317 | D:8      | Reached skill level 12 in Earth Magic
  8476 | D:8      | Slain by a wyvern

Vault maps used:
D:1:      dpeg_arrival_simpleton_a, minmay_misc_feat_ornament,
          serial_bayou_lagoon_a
D:2:      lemuel_doored_altar, okawaru_altar_gauntlet_db, first_bread,
          uniq_crazy_yiuf_cottage, uniq_iyjb, uniq_terence
D:3:      nicolae_gozag_seed_capital, lemuel_coloured_pillars_altar
D:4:      minmay_temple_entry_fiery, serial_shops, nicolae_shop_trees,
          hangedman_abyss_or_decor_passed, cheibrodos_ashenzari_chains
D:5:      vehumet_statue, minivault_14, minmay_item_behind_shaft
D:6:      kennysheep_mini, lemuel_zombie_altar_yredelemnul,
          portal_sewer_entry_d, lightli_orcish_oven, uniq_edmund, uniq_grinder
D:7:      gammafunk_temple_overflow_statue, trog_butcher_becter, uniq_menkaure
D:8:      overflow_temple_1_default, serial_shops, nicolae_shop_stone
Temple:   corrupted_temple
Sewer:    kennysheep_door_sewer

Skill      XL: |  1  2  3  4  5  6  7  8  9 10 |
---------------+-------------------------------+-----
Stealth        | 3 |  3.1
Earth Magic    | 4 5 6 8 10 11 12 | 12.3
Dodging        | 2 |  2.0
Spellcasting   | 3 4 5 7 8 9 |  9.4
Transmutations | |  0.7

Action                   |  1- 3 |  4- 6 |  7- 9 | 10-12 || total
-------------------------+-------+-------+-------+-------++-------
Melee: Dagger            |    22 |       |       |       ||    22
       Quarterstaff      |       |    80 |    99 |    64 ||   243
 Cast: Sandblast         |    65 |    32 |   123 |    21 ||   241
       Stone Arrow       |     1 |       |     2 |       ||     3
       Lee's Rapid Decon |       |       |    17 |     1 ||    18
  Use: Scroll            |       |       |     6 |       ||     6
 Stab: Sleeping          |       |     2 |     4 |     1 ||     7
       Confused          |       |       |       |     1 ||     1
  Eat: Chunk             |     5 |     7 |    10 |     2 ||    24
       Meat ration       |       |       |     1 |       ||     1
